 Dungeon Crawl Stone Soup version 0.31.0-32-g396128a36d (webtiles) character file.

Game seed: 10419517649413690820

12374 DemonSlayer the Geomancer (level 11, -10/72 HPs)
             Began as a Demonspawn Earth Elementalist on Apr 7, 2024.
             Was a Believer of Dithmenos.
             Mangled by a boulder beetle (15 damage)
             ... on level 11 of the Dungeon.
             The game lasted 00:21:37 (10233 turns).

DemonSlayer the Geomancer (DsEE)                   Turns: 10233, Time: 00:21:38

Health: -10/72     AC:  7    Str:  1    XL:     11   Next: 61%
Magic:  24/25      EV: 11    Int: 19    God:    Dithmenos [**....]
Gold:   1728       SH:  0    Dex: 23    Spells: 15/30 levels left

rFire   + + +        f - staff "Beastslayer" {rF+++ Str-5 Int+3 Air Earth}
rCold   + . .        (no shield)
rNeg    . . .        G - +0 troll leather armour
rPois   +            (no helmet)
rElec   .            A - +2 cloak {Will+}
rCorr   +            h - +0 pair of gloves "Kucil" {rPois rC+ Str-3 Dex+2}
SInv    .            (no boots)
Will    +....        v - amulet of magic regeneration
Stlth   ++++++       r - ring of resist corrosion
HPRegen 1.12/turn    (no ring)
MPRegen 0.78/turn

%: no passive effects
@: wreathed by umbra, studying Ice Magic
A: hooves 2, thin skeletal structure 2, spiny 1, magic regeneration, noise
suppression
a: Renounce Religion, Shadow Step


You were on level 11 of the Dungeon.
You worshipped Dithmenos.
Dithmenos was pleased with you.
You visited 2 branches of the dungeon, and saw 12 of its levels.

You collected 1728 gold pieces.

Inventory:

Missiles
 e - a throwing net
 F - a curare-tipped dart
Armour
 h - the +0 pair of gloves "Kucil" (worn) {rPois rC+ Str-3 Dex+2}
   (You found it on level 2 of the Dungeon)

   Str-3:     It affects your strength (-3).
   Dex+2:     It affects your dexterity (+2).
   rC+:       It protects you from cold.
   rPois:     It protects you from poison
 A - a +2 cloak of willpower (worn)
 G - a +0 troll leather armour (worn)
Magical Staves
 f - the staff "Beastslayer" (weapon) {rF+++ Str-5 Int+3 Air Earth}
   (You acquired it on level 2 of the Dungeon)

   [staff of earth]

   Base accuracy: +5 Base damage: 5 Base attack delay: 1.2 This weapon's minimum
   attack delay (0.6) is reached at skill level 12.
   Str-5:     It affects your strength (-5).
   Int+3:     It affects your intelligence (+3).
   rF+++:     It renders you almost immune to fire.
   Air:       It increases the power of your Air spells.
   Earth:     It increases the power of your Earth spells.
   It falls into the 'Staves' category.
   It is a one-handed weapon.
Jewellery
 r - a ring of resist corrosion (left hand)
 v - an amulet of magic regeneration (around neck)
Wands
 j - a wand of charming (9)
 m - a wand of flame (46)
 y - a wand of polymorph (5)
 z - a wand of quicksilver (14)
 D - a wand of mindburst (12)
 E - a wand of iceblast (7)
Scrolls
 c - 3 scrolls of identify
 i - 5 scrolls of noise
 H - a scroll of amnesia
Potions
 a - a potion of might {unknown}
 b - 2 potions of magic
 d - a potion of brilliance
 l - a potion of cancellation
 p - a potion of lignification
 t - a potion of attraction {unknown}
 u - a potion of haste {unknown}
 w - 3 potions of curing
 x - 2 potions of ambrosia
 B - a potion of enlightenment {unknown}
 C - a potion of berserk rage {unknown}


   Skills:
 + Level 2.2 Fighting
 + Level 0.1 Short Blades
 + Level 0.5 Staves
 + Level 0.3 Throwing
 + Level 2.1 Armour
 + Level 3.9 Dodging
 + Level 4.3 Stealth
 + Level 10.1 Spellcasting
 + Level 7.5 Conjurations
 + Level 11.0 Earth Magic


You had 15 spell levels left.
You knew the following spells:

 Your Spells              Type           Power      Damage    Failure   Level
a - Sandblast             Erth           100%       2d20      1%          1
b - Stone Arrow           Conj/Erth      100%       3d13      1%          3
c - Passwall              Erth           67%        N/A       1%          3
d - Brom's Barrelling Bo  Conj/Erth      61%        2d8       4%          4
e - Petrify               Alch/Erth      45%        N/A       21%         4

Your spell library contained the following spells:

 Spells                   Type           Power      Damage    Failure   Level
 Cigotuvi's Dreadful Rot  Necr/Alch/Air  28%        N/A       28%         2
 Flame Wave               Conj/Fire      23%        2d8       38%         4
 Fugue of the Fallen      Necr           9%         N/A       50%         3
 Inner Flame              Hex/Fire       9%         N/A       50%         3
 Ozocubu's Armour         Ice            9%         N/A       50%         3
 Dispel Undead            Necr           9%         3d8       88%         4
 Manifold Assault         Tloc           9%         N/A       88%         4
 Martyr's Knell           Necr/Summ      9%         N/A       88%         4
 Sticky Flame             Fire/Alch      9%         2d5       88%         4
 Death Channel            Necr           4%         N/A       100%        6


Dungeon Overview and Level Annotations

Branches:
Dungeon (11/15)            Temple (1/1) D:6            Lair (0/5) D:8
    Orc: D:9-12

Altars:
Ashenzari
Cheibriados
Dithmenos
Fedhas
Gozag
Hepliaklqana
Kikubaaqudgha
Makhleb
Nemelex Xobeh
Okawaru
Qazlal
Ru
Sif Muna
Trog
Uskayaw
Vehumet
Wu Jian
Xom
Yredelemnul

Annotations:
D:9 2 transporters, yey's ghost, novice MfGl
D:11 Lodul


Innate Abilities, Weirdness & Mutations

You have hoof-like feet.
You have a moderately thin skeletal structure. (Dex +4, Stealth++)
You are partially covered in sharp spines.
You regenerate magic rapidly.
You passively dampen the noise of your surroundings.


Message History

The cyclops closely misses your butterfly.
The boulder beetle barely misses you.
There is an open door here.
The cyclops hits your butterfly!!
Your butterfly dies!
Your butterfly disappears in a burst of colours!
The boulder beetle bites your butterfly!!
Your butterfly dies!
Your butterfly disappears in a burst of colours!
The cyclops hits your butterfly!!
Your butterfly dies!
Your butterfly disappears in a burst of colours!
The boulder beetle completely misses your butterfly.
The boulder beetle curls into a ball and begins rolling!
You swap places.
The cyclops hits your butterfly!
Your butterfly dies!
Your butterfly disappears in a burst of colours!
There is an open door, spattered with blood here.
Things that are here:
a +0 giant spiked club; a +0 giant club A boulder beetle is nearby!
You feel a surge of power!
The stone arrow hits the boulder beetle!
The boulder beetle is lightly wounded.
The boulder beetle hits you!!!
Ouch! That really hurt!
* * * LOW HITPOINT WARNING * * *
The boulder beetle stops rolling and uncurls.
Okay, then.
As you read the scroll labelled GAXKUT MEISTRUTS, it crumbles to dust.
Your body is wracked with pain!
* * * LOW HITPOINT WARNING * * *
The boulder beetle convulses!
It was a scroll of torment.
The boulder beetle barely misses you.
As you read the scroll labelled FOBRUTHR OFIUR, it crumbles to dust.
It is a scroll of amnesia.
Okay, then.
The boulder beetle bites you!
You die...

##.##bb#.# ## ##'...b.#÷# ##..
##b#.###.#.# #... ##°.#bbbb.#.#
#..† ##B.########.# .
#..###b.##........# #..
#.b.○.##..#####.##
##..###'###..## #.#
....bb..B@..## #.#
##......##### #.#### #.######
#.)..# #.# #.##.# . #.# #.##.#
.. #.################.##.#
.##.#####..<.....(.........##.#
..........###################.#
###......†)..†.......# #.#


You could see a boulder beetle (ally target).

Vanquished Creatures
  Erica (D:9)
  4 two-headed ogres
  A death yak (D:8)
  3 ugly things (D:11)
  A wolf spider (D:11)
  A kobold demonologist (D:10)
  2 trolls
  A shadow (D:11)
  2 wraiths
  A wyvern (D:9)
  9 yaks
  Grum (D:11)
  2 steam dragons
  Edmund (D:5)
  An acid dragon (D:11)
  2 water moccasins
  3 orc warriors
  3 black bears
  An ice beast (D:5)
  2 sky beasts
  2 ogres
  6 centaurs
  4 wolves (D:11)
  2 phantoms
  2 kobold brigands
  3 bullfrogs
  3 scorpions
  A gnoll sergeant (D:6)
  3 wights (D:7)
  2 jellies
  5 howler monkeys
  4 orc priests
  A bombardier beetle (D:6)
  3 hounds
  A gnoll bouda (D:7)
  Crazy Yiuf (D:7)
  A sleepcap (D:5)
  Ijyb (D:4)
  5 iguanas
  11 orc wizards
  8 gnolls
  10 adders
  4 dart slugs
  A ribbon worm (D:4)
  20 orcs
  13 endoplasms
  5 giant cockroaches
  9 goblins
  4 hobgoblins
  4 jackals (D:4)
  13 kobolds
  3 quokkas
  4 ball pythons
  5 bats
  4 rats
210 creatures vanquished.

Vanquished Creatures (others)
  A yak (D:11)
1 creature vanquished.

Grand Total: 211 creatures vanquished

Notes
Turn   | Place    | Note
-------+----------+-------------------------------------------
     0 | D:1      | DemonSlayer the Demonspawn Earth Elementalist began the
                  | quest for the Orb.
     0 | D:1      | Reached XP level 1. HP: 13/13 MP: 3/3
    77 | D:1      | Reached skill level 3 in Earth Magic
   197 | D:1      | Gained mutation: You regenerate magic rapidly. [demonic
                  | ancestry]
   197 | D:1      | Reached XP level 2. HP: 19/19 MP: 1/5
  1347 | D:2      | Gained mutation: You have a somewhat thin skeletal
                  | structure. (Dex +2, Stealth+) [demonic ancestry]
  1347 | D:2      | Reached XP level 3. HP: 24/24 MP: 6/6
  1532 | D:2      | Gained mutation: You passively dampen the noise of your
                  | surroundings. [potion of mutation]
  1681 | D:2      | Learned a level 3 spell: Stone Arrow
  1685 | D:2      | Learned a level 3 spell: Passwall
  1752 | D:2      | Reached XP level 4. HP: 30/30 MP: 6/8
  1868 | D:2      | Found a faded altar of an unknown god.
  2041 | D:2      | Identified the +0 pair of gloves "Kucil" {rPois rC+ Str-3
                  | Dex+2}
  2292 | D:2      | Identified a scroll of acquirement
  2294 | D:2      | Acquired the staff "Beastslayer" {rF+++ Str-5 Int+3 Air
                  | Earth}
  2739 | D:3      | Noticed a black bear
  2744 | D:3      | Killed a black bear
  2745 | D:3      | Reached skill level 4 in Earth Magic
  2745 | D:3      | Gained mutation: You have large cloven feet. [demonic
                  | ancestry]
  2745 | D:3      | Reached XP level 5. HP: 36/36 MP: 6/10
  3163 | D:4      | Noticed Ijyb
  3182 | D:4      | Killed Ijyb
  3398 | D:4      | Gained mutation: You are partially covered in sharp spines.
                  | [demonic ancestry]
  3398 | D:4      | Reached XP level 6. HP: 42/42 MP: 8/11
  3789 | D:4      | Reached skill level 1 in Fighting
  3789 | D:4      | Reached skill level 5 in Earth Magic
  3959 | D:4      | Learned a level 4 spell: Brom's Barrelling Boulder
  3991 | D:5      | Entered Level 5 of the Dungeon
  4158 | D:5      | Reached XP level 7. HP: 48/48 MP: 11/13
  4442 | D:5      | Reached skill level 5 in Spellcasting
  4442 | D:5      | Reached skill level 6 in Earth Magic
  4540 | D:5      | Gained mutation: You have a moderately thin skeletal
                  | structure. (Dex +4, Stealth++) [demonic ancestry]
  4540 | D:5      | Reached XP level 8. HP: 43/54 MP: 11/16
  4649 | D:5      | Noticed Edmund
  4653 | D:5      | Killed Edmund
  4782 | D:5      | Learned a level 4 spell: Petrify
  4819 | D:6      | Reached skill level 7 in Earth Magic
  4900 | D:6      | Acquired 1193 gold pieces
  5232 | D:6      | Found a hide-covered altar of Uskayaw.
  5233 | D:6      | Found a basalt altar of Yredelemnul.
  5482 | D:6      | Found an opulent altar of Gozag.
  5484 | D:6      | Found an iron altar of Okawaru.
  5524 | D:6      | Found a staircase to the Ecumenical Temple.
  5699 | Temple   | Entered the Ecumenical Temple
  5706 | Temple   | Became a worshipper of Dithmenos the Shadowed
  5887 | D:7      | Gained mutation: You have hoof-like feet. [demonic
                  | ancestry]
  5887 | D:7      | Reached XP level 9. HP: 59/59 MP: 19/19
  5985 | D:7      | Reached skill level 8 in Earth Magic
  6253 | D:7      | Found a runed translucent door.
  6254 | D:7      | Noticed Crazy Yiuf
  6557 | D:7      | Killed Crazy Yiuf
  6761 | D:8      | Noticed a death yak
  6762 | D:8      | Found a staircase to the Lair.
  6762 | D:8      | Noticed a death yak
  6777 | D:8      | Killed a death yak
  6882 | D:8      | Noticed a death yak
  6884 | D:8      | Noticed a death yak
  6884 | D:8      | Noticed a death yak
  6884 | D:8      | Noticed a death yak
  6949 | D:9      | Noticed a tengu warrior
  6951 | D:9      | Found a bloodstained altar of Trog.
  6951 | D:9      | Noticed yey's ghost (novice MfGl)
  6957 | D:9      | Noticed a moth of wrath
  6962 | D:9      | Noticed a two-headed ogre
  6972 | D:9      | Noticed Erica
  6981 | D:9      | Killed Erica
  7054 | D:9      | Noticed a troll
  7059 | D:9      | Killed a troll
  7060 | D:9      | Reached skill level 9 in Earth Magic
  7060 | D:9      | Reached XP level 10. HP: 66/66 MP: 16/22
  7091 | D:9      | Found a stormy altar of Qazlal.
  7340 | D:9      | Found a transporter.
  7371 | D:9      | Found a transporter.
  7424 | D:9      | Identified the +5 trident "Loedghunn" {flame, rElec rC+
                  | Int-5 SInv}
  7431 | D:9      | Found a hazy altar of Hepliaklqana.
  7561 | D:9      | Reached skill level 5 in Conjurations
  7669 | D:9      | Reached * piety under Dithmenos
  7779 | D:10     | Entered Level 10 of the Dungeon
  8358 | D:10     | Reached skill level 10 in Earth Magic
  8839 | D:10     | Noticed a two-headed ogre
  8846 | D:10     | Killed a two-headed ogre
  8928 | D:10     | Noticed a two-headed ogre
  8932 | D:10     | Killed a two-headed ogre
  9273 | D:10     | Reached XP level 11. HP: 71/71 MP: 16/24
  9366 | D:10     | Reached skill level 1 in Armour
  9435 | D:11     | Noticed Lodul
  9476 | D:11     | Noticed a cyan ugly thing
  9484 | D:11     | Killed a cyan ugly thing
  9516 | D:11     | Noticed Grum
  9526 | D:11     | Killed Grum
  9650 | D:11     | Noticed a cyan ugly thing
  9653 | D:11     | Killed a cyan ugly thing
  9657 | D:11     | Reached ** piety under Dithmenos
  9703 | D:11     | Noticed an eight-headed hydra
  9711 | D:11     | Noticed an orc knight
  9927 | D:11     | Noticed a two-headed ogre
  9930 | D:11     | Killed a two-headed ogre
  9989 | D:11     | Noticed a white ugly thing
  9989 | D:11     | Noticed a two-headed ogre
  9989 | D:11     | Noticed a wolf spider
  9994 | D:11     | Killed a two-headed ogre
  9995 | D:11     | Reached skill level 10 in Spellcasting
  9997 | D:11     | Killed a wolf spider
 10187 | D:11     | Noticed a boulder beetle
 10211 | D:11     | Killed a white ugly thing
 10212 | D:11     | Reached skill level 11 in Earth Magic
 10232 | D:11     | HP: 3/72 [/a scroll of torment (1)]
 10233 | D:11     | Mangled by a boulder beetle

Illustrated notes

Levels and vault maps discovered:
D:1:      eino_arrival_water_cross, layout_basic
D:2:      layout_basic, basic_ecumenical_altar
D:3:      layout_basic
D:4:      layout_gridville, uniq_ijyb
D:5:      layout_loops_ring, uniq_edmund
D:6:      layout_cave_pools, nicolae_overflow_hidden_temple, temple_hall
D:7:      layout_gridville, uniq_crazy_yiuf_cottage
D:8:      layout_cave_pods, dpeg_lair_monsters
D:9:      layout_irregular_city, nicolae_overflow_crystal_walls,
          kennysheep_mini_moat, gammafunk_ghost_wrathful_warriors,
          nicolae_nh_ransacked_shop, uniq_erica
D:10:     layout_stronghold
D:11:     minmay_the_grid_octo_tiled_squarecenter [minmay_the_grid_octo_focus,
          minmay_the_grid_octo_empty, minmay_the_grid_octo_77,
          minmay_the_grid_octo_vomiting_pacman,
          minmay_the_grid_square_5x5_megaprize_open,
          minmay_the_grid_square_5x5_trominoes,
          minmay_the_grid_square_5x5_inset, minmay_the_grid_square_5x5_shrine2,
          minmay_the_grid_square_5x5_two_small], layout_loops_ring,
          fiery_altar_vehumet, uniq_snorg, uniq_lodul, uniq_grum
Temple:   eino_wide_crystal_templ

Skill      XL: |  1  2  3  4  5  6  7  8  9 10 11 |
---------------+----------------------------------+-----
Earth Magic    | 3 4 5 6 7 9 10 11 | 11.0
Dodging        | 2 3 |  3.9
Stealth        | 2 3 4 |  4.3
Spellcasting   | 3 4 5 6 8 9 10 | 10.1
Fighting       | 1 2 |  2.2
Conjurations   | 4 6 7 |  7.5
Armour         | 2 |  2.1
Short Blades   | |  0.1
Staves         | |  0.5
Throwing       | |  0.3

Action                     |  1- 3 |  4- 6 |  7- 9 | 10-12 || total
---------------------------+-------+-------+-------+-------++-------
  Melee: Unarmed           |     9 |       |       |       ||     9
         Dagger            |    12 |       |       |       ||    12
         Staff             |       |     3 |     3 |       ||     6
         Kick              |       |       |     2 |       ||     2
  Throw: Throwing net      |       |       |     1 |       ||     1
   Cast: Sandblast         |    44 |    72 |    47 |       ||   163
         Stone Arrow       |       |       |    78 |   141 ||   219
    Use: Scroll            |     1 |     8 |     6 |    10 ||    25
         Potion            |     3 |     3 |     1 |     3 ||    10
   Stab: Sleeping          |     3 |       |       |       ||     3
 Armour: Robe              |    29 |    25 |    19 |       ||    73
         Steam dragon scal |       |       |    18 |    20 ||    38
         Troll leather arm |       |       |       |    40 ||    40
  Dodge: Dodged            |    40 |    17 |    29 |    40 ||   126
